Thunderbirds vs Barracuda

Created - May 10, 2024 at 20:56

Goals
1 2 3 T
Thunderbirds 2 1 1 4
Barracuda 2 2 2 6
Shots
1 2 3 T
Thunderbirds 16 11 6 33
Barracuda 16 4 10 30

1st period

1. Thunderbirds , Joachim Blichfeld 36 (Dominik Simon 65, Rourke Chartier 58) at 11:17
2. Barracuda , Theodor Blueger 45 (Kurtis Macdermid 45, Samuel Groulx 46) at 13:57 (SH)
3. Thunderbirds , Joachim Blichfeld 37 (Dominik Simon 66, Jeremy Lauzon 45) at 18:28
4. Barracuda , Emil Pettersson 44 (William Carrier 78) at 19:39

Penalties :
Logan Stanley (S.J) for Hooking (Minor) at 6:22, Thomas Gobeil (S.J) for Roughing (Minor) at 13:19

2nd period

5. Barracuda , William Carrier 60 (Emil Pettersson 91) at 1:12 (PP)
6. Barracuda , Kurtis Macdermid 37 (Theodor Blueger 45, Robin Norell 25) at 3:58 (SH)
7. Thunderbirds , Joachim Blichfeld 38 (Anthony Richard 36) at 6:09

Penalties :
Artturi Lehkonen (Spr) for Hooking (Minor) at 1:08, Mario Lucia (S.J) for Interference (Minor) at 2:54

3rd period

8. Thunderbirds , Dominik Simon 41 (Rourke Chartier 59) at 2:02
9. Barracuda , Noah Gregor 22 (Cole Ully 28) at 6:26
10. Barracuda , Eric Gustafsson 15 (William Carrier 79, Emil Pettersson 92) at 16:35 (PP)

Penalties :
Theodor Blueger (S.J) for Holding (Minor) at 3:25, Calen Addison (Spr) for Interference (Minor) at 9:32, Henri Jokiharju (Spr) for Roughing (Minor) at 16:22

Goalie Stats

Jake Oettinger (Spr), 14 saves from 18 shots - (0.778), 23:58 minutes
Magnus Hellberg (Spr), 10 saves from 12 shots - (0.833), L, 7-10-0, 36:02 minutes
Joni Ortio (S.J), 29 saves from 33 shots - (0.879), W, 36-17-5, 60:00 minutes

Players Stats for Thunderbirds

Player Name              G  A  P  +/- PIM S  H  SB GA TA FO     MP     PP MP  PK MP  
------------------------------------------------------------------------------------
Anthony Richard          0  1  1   0  0   4  1  1  1  1  5/10   16:56   3:25   0:15 
Artturi Lehkonen         0  0  0  -1  2   0  0  0  0  0  0/0    11:50   0:00   0:37 
Calen Addison            0  0  0   0  2   1  0  0  0  0  0/0    17:20   2:55   0:00 
Dominik Simon            1  2  3   1  0   4  3  0  0  0  0/1    21:28   4:31   0:22 
Dylan Blujus             0  0  0  -1  0   0  3  0  1  1  0/0    17:42   0:00   0:56 
Dylan Sikura             0  0  0  -1  0   2  1  0  0  0  0/3    12:16   0:00   0:21 
Emil Bemstrom            0  0  0   0  0   3  1  1  0  1  0/0     8:31   0:00   0:00 
Frederic Allard          0  0  0   0  0   0  1  4  0  1  0/0    12:37   0:00   0:13 
Henri Jokiharju          0  0  0   0  2   0  2  0  0  0  0/0    20:25   2:55   1:07 
Jeremy Lauzon            0  1  1   1  0   4  0  0  0  1  0/0    24:33   5:01   0:56 
Joachim Blichfeld        3  0  3   2  0   7  3  1  1  0  1/1    20:34   3:05   0:00 
Jordan Kyrou             0  0  0  -1  0   2  2  0  0  0  0/0    16:26   4:21   0:00 
Paul Cotter              0  0  0   0  0   0  0  0  0  0  0/0     8:15   0:00   0:00 
Pierre Engvall           0  0  0   0  0   0  3  0  0  0  0/0    17:59   3:25   1:18 
Rourke Chartier          0  2  2   1  0   4  2  2  0  1  14/37  21:06   4:31   0:00 
Sami Niku                0  0  0   0  0   0  3  0  1  0  0/0    27:33   5:01   1:20 
Trent Frederic           0  0  0   0  0   1  1  1  0  0  1/3    10:07   0:30   1:18 
Zach Stepan              0  0  0  -1  0   1  0  1  0  0  1/4    12:03   0:00   0:21 

Players Stats for Barracuda

Player Name              G  A  P  +/- PIM S  H  SB GA TA FO     MP     PP MP  PK MP  
------------------------------------------------------------------------------------
Alex Henriksson          0  0  0   0  0   2  3  0  1  1  0/0     7:35   0:00   0:27 
Cole Ully                0  1  1   0  0   1  1  0  0  0  0/1    11:36   0:00   0:00 
Emil Pettersson          1  2  3  -1  0   2  0  3  0  1  25/36  23:49   1:21   4:50 
Eric Gustafsson          1  0  1  -1  0   5  2  0  1  0  0/0    26:38   1:24   4:02 
Jaedon Descheneau        0  0  0   0  0   0  0  0  0  0  0/0    11:55   0:00   0:00 
Jordan Gross             0  0  0  -2  0   0  0  1  0  1  0/0    12:13   0:00   0:00 
Kurtis Macdermid         1  1  2   1  0   4  1  0  2  0  0/1    17:21   0:55   2:52 
Kyle Platzer             0  0  0   0  0   1  0  0  0  0  1/2     7:55   0:00   1:06 
Logan Stanley            0  0  0   3  2   0  1  2  0  0  0/0    20:15   0:52   2:56 
Mac Hollowell            0  0  0  -2  0   0  1  0  0  0  0/0    13:11   0:00   0:58 
Mario Lucia              0  0  0  -2  2   2  0  1  1  0  2/2    20:06   1:21   0:00 
Nikolai Kovalenko        0  0  0   0  0   0  0  0  0  0  0/0     6:49   0:00   0:00 
Noah Gregor              1  0  1   0  0   1  3  0  0  0  2/5    11:36   0:00   0:00 
Robin Norell             0  1  1   3  0   0  0  1  0  1  0/0    21:09   0:52   3:54 
Samuel Groulx            0  1  1  -1  0   4  0  2  1  0  0/0    26:38   1:24   4:02 
Theodor Blueger          1  1  2   1  2   4  2  0  0  0  5/9    16:39   0:55   2:00 
Thomas Gobeil            0  0  0   0  2   1  3  0  0  0  0/0    13:07   0:55   0:00 
William Carrier          1  2  3  -1  0   3  1  1  0  0  2/3    23:28   1:21   4:37 

3 Stars

1 - Joachim Blichfeld (Spr)
2 - Dominik Simon (Spr)
3 - William Carrier (S.J)

Power Play

Thunderbirds - 0 on 4 Attempt(s) - 0.00%
Barracuda - 2 on 3 Attempt(s) - 66.67%

Penalty Kill

Thunderbirds - 1 on 3 Attempt(s) - 33.33% - Score 0 goal in Penalty Kill
Barracuda - 4 on 4 Attempt(s) - 100.00% - Score 2 goal in Penalty Kill

Team Stat

Thunderbirds - Hits : 26 - Faceoff Wins : 22 - Blocked Shots : 11 - Penalty Minutes : 6
Barracuda - Hits : 18 - Faceoff Wins : 37 - Blocked Shots : 11 - Penalty Minutes : 8

Official

Referees : Reid Anderson and Jean Hebert
Linesman : Libor Suchanek and Bryan Pancich

Game Notes

Magnus Hellberg enters game at 3:58 of 2nd period
Joachim Blichfeld has scored a Hat Trick!

Finance

Level 1 -- Attendance: 1944 (97.20%) -- Ticket Income $136,080
Level 2 -- Attendance: 1000 (100.00%) -- Ticket Income $40,000
Total Attendance: 2944 (98.13%)
Total Ticket Income: $176,080
Other Income: $8,804
Total Income: $184,884

Thunderbirds

5 vs 5 Forward 
   Center                   Left Wing                Right Wing               Time % Phy DF OF 
 1 Rourke Chartier          Dominik Simon            Joachim Blichfeld        40     1   2  2  
 2 Anthony Richard          Pierre Engvall           Jordan Kyrou             30     1   2  2  
 3 Zach Stepan              Artturi Lehkonen         Dylan Sikura             20     1   2  2  
 4 Trent Frederic           Paul Cotter              Emil Bemstrom            10     1   2  2  

5 vs 5 Defense 
   Defense                  Defense                                           Time % Phy DF OF 
 1 Jeremy Lauzon            Sami Niku                                         40     1   2  2  
 2 Dylan Blujus             Henri Jokiharju                                   30     1   2  2  
 3 Frederic Allard          Calen Addison                                     20     1   2  2  
 4 Sami Niku                Dylan Blujus                                      10     1   2  2  

PowerPlay Forward 
   Center                   Left Wing                Right Wing               Time % Phy DF OF 
 1 Rourke Chartier          Dominik Simon            Jordan Kyrou             60     1   2  2  
 2 Anthony Richard          Pierre Engvall           Joachim Blichfeld        40     1   2  2  

PowerPlay Defense
   Defense                  Defense                                           Time % Phy DF OF 
 1 Sami Niku                Jeremy Lauzon                                     60     1   2  2  
 2 Henri Jokiharju          Calen Addison                                     40     1   2  2  

Penalty Kill 4 Players Forward 
   Center                   Wing                     Time % Phy DF OF 
 1 Trent Frederic           Pierre Engvall           60     1   2  2  
 2 Zach Stepan              Dylan Sikura             40     1   2  2  

Penalty Kill 4 Players Defense
   Defense                  Defense                  Time % Phy DF OF 
 1 Sami Niku                Henri Jokiharju          60     1   2  2  
 2 Dylan Blujus             Jeremy Lauzon            40     1   2  2  

Penalty Kill - 3 Players Forward 
   Forward                                           Time % Phy DF OF 
 1 Trent Frederic                                    60     1   2  2  
 2 Pierre Engvall                                    40     1   2  2  

Penalty Kill - 3 Players Defense
   Defense                  Defense                  Time % Phy DF OF 
 1 Henri Jokiharju          Dylan Blujus             60     1   2  2  
 2 Jeremy Lauzon            Sami Niku                40     1   2  2  

4 vs 4 Forward 
   Center                   Wing                     Time % Phy DF OF 
 1 Rourke Chartier          Dominik Simon            60     1   2  2  
 2 Zach Stepan              Pierre Engvall           40     1   2  2  

4 vs 4 Defense
   Defense                  Defense                  Time % Phy DF OF 
 1 Calen Addison            Sami Niku                60     1   2  2  
 2 Dylan Blujus             Jeremy Lauzon            40     1   2  2  

Last Minutes Offensive
   Center                   Left Wing                Right Wing               Defense                  Defense                  
   Rourke Chartier          Dominik Simon            Joachim Blichfeld        Jeremy Lauzon            Sami Niku                

Last Minutes Defensive
   Center                   Left Wing                Right Wing               Defense                  Defense                  
   Trent Frederic           Pierre Engvall           Dylan Sikura             Sami Niku                Henri Jokiharju          

Goaltenders
Starting : Jake Oettinger           
Backup : Magnus Hellberg          

Extra Forwards
Normal : Dominik Simon, Dylan Sikura, Zach Stepan - PP : Trent Frederic, Jordan Kyrou - PK : Artturi Lehkonen
Extra Defensemen
Normal : Dylan Blujus, Calen Addison, Henri Jokiharju - PP : Sami Niku - PK : Frederic Allard, Calen Addison
Penalty Shots
Jordan Kyrou, Rourke Chartier, Anthony Richard, Joachim Blichfeld, Dylan Sikura
Custom OT Lines Forwards
Dominik Simon, Pierre Engvall, Rourke Chartier, Jordan Kyrou, Dylan Sikura, Anthony Richard, Joachim Blichfeld, Zach Stepan, Artturi Lehkonen, Paul Cotter
Custom OT Lines Defensemen
Sami Niku, Dylan Blujus, Jeremy Lauzon, Calen Addison, Henri Jokiharju

Scratches
Rasmus Kupari (Healthy), Nathan Smith (Healthy), Ethan Bear (Healthy), Matt Roy (Healthy), Grigori Denisenko (Healthy)
Trey Fix-Wolansky (Healthy), Emil Larmi (Healthy)

Barracuda

5 vs 5 Forward 
   Center                   Left Wing                Right Wing               Time % Phy DF OF 
 1 Emil Pettersson          William Carrier          Mario Lucia              40     1   2  2  
 2 Theodor Blueger          Kurtis Macdermid         Thomas Gobeil            30     1   2  2  
 3 Noah Gregor              Cole Ully                Jaedon Descheneau        20     1   2  2  
 4 Kyle Platzer             Alex Henriksson          Nikolai Kovalenko        10     1   2  2  

5 vs 5 Defense 
   Defense                  Defense                                           Time % Phy DF OF 
 1 Eric Gustafsson          Samuel Groulx                                     40     1   2  2  
 2 Logan Stanley            Robin Norell                                      30     1   2  2  
 3 Mac Hollowell            Jordan Gross                                      20     1   2  2  
 4 Eric Gustafsson          Samuel Groulx                                     10     1   2  2  

PowerPlay Forward 
   Center                   Left Wing                Right Wing               Time % Phy DF OF 
 1 Emil Pettersson          William Carrier          Mario Lucia              60     1   2  2  
 2 Theodor Blueger          Kurtis Macdermid         Thomas Gobeil            40     1   2  2  

PowerPlay Defense
   Defense                  Defense                                           Time % Phy DF OF 
 1 Eric Gustafsson          Samuel Groulx                                     60     1   2  2  
 2 Logan Stanley            Robin Norell                                      40     1   2  2  

Penalty Kill 4 Players Forward 
   Center                   Wing                     Time % Phy DF OF 
 1 Emil Pettersson          William Carrier          60     1   4  0  
 2 Theodor Blueger          Kurtis Macdermid         40     1   4  0  

Penalty Kill 4 Players Defense
   Defense                  Defense                  Time % Phy DF OF 
 1 Eric Gustafsson          Samuel Groulx            60     1   4  0  
 2 Logan Stanley            Robin Norell             40     1   4  0  

Penalty Kill - 3 Players Forward 
   Forward                                           Time % Phy DF OF 
 1 Emil Pettersson                                   60     1   4  0  
 2 Theodor Blueger                                   40     1   4  0  

Penalty Kill - 3 Players Defense
   Defense                  Defense                  Time % Phy DF OF 
 1 Eric Gustafsson          Samuel Groulx            60     1   4  0  
 2 Logan Stanley            Robin Norell             40     1   4  0  

4 vs 4 Forward 
   Center                   Wing                     Time % Phy DF OF 
 1 Emil Pettersson          William Carrier          60     1   2  2  
 2 Theodor Blueger          Kurtis Macdermid         40     1   2  2  

4 vs 4 Defense
   Defense                  Defense                  Time % Phy DF OF 
 1 Eric Gustafsson          Samuel Groulx            60     1   2  2  
 2 Logan Stanley            Robin Norell             40     1   2  2  

Last Minutes Offensive
   Center                   Left Wing                Right Wing               Defense                  Defense                  
   Emil Pettersson          William Carrier          Mario Lucia              Eric Gustafsson          Samuel Groulx            

Last Minutes Defensive
   Center                   Left Wing                Right Wing               Defense                  Defense                  
   Emil Pettersson          William Carrier          Mario Lucia              Eric Gustafsson          Samuel Groulx            

Goaltenders
Starting : Joni Ortio               
Backup : Joacim Eriksson          

Extra Forwards
Normal : Theodor Blueger, Alex Henriksson, Mario Lucia - PP : Theodor Blueger, Alex Henriksson - PK : Theodor Blueger
Extra Defensemen
Normal : Robin Norell, Mac Hollowell, Jordan Gross - PP : Robin Norell - PK : Robin Norell, Mac Hollowell
Penalty Shots
William Carrier, Kurtis Macdermid, Emil Pettersson, Cole Ully, Theodor Blueger
Custom OT Lines Forwards
William Carrier, Kurtis Macdermid, Emil Pettersson, Cole Ully, Theodor Blueger, Alex Henriksson, Mario Lucia, Noah Gregor, Kyle Platzer, Thomas Gobeil
Custom OT Lines Defensemen
Eric Gustafsson, Samuel Groulx, Logan Stanley, Robin Norell, Mac Hollowell

Scratches
Alex Lintuniemi (Healthy), Aleksi Heponiemi (Healthy), Ben Jones (Healthy), Jacob Peterson (Healthy), Scott Reedy (Healthy)
Ryan Merkley (Healthy), Bode Wilde (Healthy), Dennis Cholowski (Healthy), Alexei Toropchenko (Healthy), Kevin Mandolese (Healthy)

% Time on Ice - Thunderbirds

Lines # - Real PCT - Wanted PCT - Time Play
Normal Forward
1 - 34% - 40% - 16:51
2 - 27% - 30% - 13:28
3 - 23% - 20% - 11:14
4 - 17% - 10% - 8:15
Normal Defense
1 - 38% - 40% - 18:48
2 - 33% - 30% - 16:12
3 - 25% - 20% - 12:24
4 - 5% - 10% - 2:24
PP Forward
1 - 57% - 60% - 4:31
2 - 43% - 40% - 3:25
PP Defense
1 - 63% - 60% - 5:01
2 - 37% - 40% - 2:55
PK Forward
1 - 85% - 60% - 1:55
2 - 15% - 40% - 0:21
PK Defense
1 - 59% - 60% - 1:20
2 - 41% - 40% - 0:56
PK3 Forward
1 - 0% - 60%
2 - 0% - 40%
PK3 Defense
1 - 0% - 60%
2 - 0% - 40%
44 Forward
1 - 0% - 60%
2 - 0% - 40%
44 Defense
1 - 0% - 60%
2 - 0% - 40%
Last Minute Offensive  - 0:00
Last Minute Defensive  - 0:00
Total
Forward - 60:00
Defense - 60:00

% Time on Ice - Barracuda

Lines # - Real PCT - Wanted PCT - Time Play
Normal Forward
1 - 36% - 40% - 17:49
2 - 27% - 30% - 13:34
3 - 23% - 20% - 11:36
4 - 14% - 10% - 6:49
Normal Defense
1 - 38% - 40% - 19:10
2 - 33% - 30% - 16:23
3 - 25% - 20% - 12:13
4 - 4% - 10% - 2:02
PP Forward
1 - 60% - 60% - 1:21
2 - 40% - 40% - 0:55
PP Defense
1 - 62% - 60% - 1:24
2 - 38% - 40% - 0:52
PK Forward
1 - 64% - 60% - 5:04
2 - 36% - 40% - 2:52
PK Defense
1 - 51% - 60% - 4:02
2 - 49% - 40% - 3:54
PK3 Forward
1 - 0% - 60%
2 - 0% - 40%
PK3 Defense
1 - 0% - 60%
2 - 0% - 40%
44 Forward
1 - 0% - 60%
2 - 0% - 40%
44 Defense
1 - 0% - 60%
2 - 0% - 40%
Last Minute Offensive  - 0:00
Last Minute Defensive  - 0:00
Total
Forward - 60:00
Defense - 60:00

Play-by-Play

1st period


0:01 of 1st period - Emil Pettersson wins face-off versus Rourke Chartier in neutral zone.
0:13 of 1st period - Icing by Jeremy Lauzon.
0:14 of 1st period - Theodor Blueger wins face-off versus Rourke Chartier in Thunderbirds zone.
1:10 of 1st period - Wrist shot by Dylan Sikura.
1:10 of 1st period - Shot Blocked by Jordan Gross.
1:12 of 1st period - Slapshot by Sami Niku.
1:12 of 1st period - Shot Blocked by Emil Pettersson.
1:14 of 1st period - Snap shot by Dylan Sikura.
1:14 of 1st period - Stopped by Joni Ortio with a rebound.
1:45 of 1st period - Off-side.
1:46 of 1st period - Theodor Blueger wins face-off versus Rourke Chartier in neutral zone.
1:53 of 1st period - Wrist shot by Theodor Blueger.
1:53 of 1st period - Stopped by Jake Oettinger without a rebound.
1:54 of 1st period - Emil Pettersson wins face-off versus Anthony Richard in Thunderbirds zone.
1:59 of 1st period - Wrist shot by William Carrier.
1:59 of 1st period - Shot Blocked by Frederic Allard.
2:21 of 1st period - Wrist shot by Dylan Sikura.
2:21 of 1st period - Stopped by Joni Ortio without a rebound.
2:22 of 1st period - Theodor Blueger wins face-off versus Dylan Sikura in Barracuda zone.
2:31 of 1st period - Dylan Blujus is hit by Thomas Gobeil and loses puck.
2:40 of 1st period - Snap shot by Kurtis Macdermid.
2:40 of 1st period - Shot Misses the Net.
3:14 of 1st period - Slapshot by Theodor Blueger.
3:14 of 1st period - Shot Misses the Net.
3:22 of 1st period - Snap shot by Theodor Blueger.
3:22 of 1st period - Stopped by Jake Oettinger without a rebound.
3:23 of 1st period - Rourke Chartier wins face-off versus Emil Pettersson in Thunderbirds zone.
4:25 of 1st period - Paul Cotter is hit by Alex Henriksson.
4:37 of 1st period - Backhand shot by Samuel Groulx.
4:37 of 1st period - Shot Blocked by Rourke Chartier.
5:32 of 1st period - Frederic Allard is hit by Alex Henriksson and loses puck.
5:37 of 1st period - Snap shot by Alex Henriksson.
5:37 of 1st period - Stopped by Jake Oettinger without a rebound.
5:38 of 1st period - Noah Gregor wins face-off versus Anthony Richard in Thunderbirds zone.
5:39 of 1st period - Snap shot by Cole Ully.
5:39 of 1st period - Shot Misses the Net.
6:03 of 1st period - Logan Stanley is hit by Joachim Blichfeld and loses puck.
6:22 of 1st period - Minor Penalty to Logan Stanley for Hooking.
6:23 of 1st period - Emil Pettersson wins face-off versus Rourke Chartier in Barracuda zone.
7:05 of 1st period - Robin Norell is hit by Pierre Engvall and loses puck.
8:17 of 1st period - Icing by Dominik Simon.
8:18 of 1st period - Rourke Chartier wins face-off versus Theodor Blueger in Thunderbirds zone.
8:18 of 1st period - Rourke Chartier is hit by Theodor Blueger.
8:22 of 1st period - Penalty to Logan Stanley is over, Logan Stanley is back on ice.
8:40 of 1st period - Jordan Gross is hit by Dylan Sikura and loses puck.
8:51 of 1st period - Emil Bemstrom is hit by Mac Hollowell and loses puck.
9:00 of 1st period - Kyle Platzer is hit by Frederic Allard and loses puck.
9:20 of 1st period - Wrist shot by Samuel Groulx.
9:20 of 1st period - Stopped by Jake Oettinger with a rebound.
9:22 of 1st period - Snap shot by William Carrier.
9:22 of 1st period - Stopped by Jake Oettinger with a rebound.
9:40 of 1st period - Snap shot by Artturi Lehkonen.
9:40 of 1st period - Shot Blocked by Logan Stanley.
9:42 of 1st period - Slapshot by Jeremy Lauzon.
9:42 of 1st period - Shot Misses the Net.
9:48 of 1st period - Noah Gregor is hit by Sami Niku and loses puck.
10:27 of 1st period - Snap shot by Emil Bemstrom.
10:27 of 1st period - Stopped by Joni Ortio with a rebound.
10:29 of 1st period - Slapshot by Henri Jokiharju.
10:29 of 1st period - Deflect By Trent Frederic.
10:29 of 1st period - Stopped by Joni Ortio without a rebound.
10:30 of 1st period - Emil Pettersson wins face-off versus Rourke Chartier in Barracuda zone.
10:57 of 1st period - Icing by Robin Norell.
10:58 of 1st period - Anthony Richard wins face-off versus Noah Gregor in Barracuda zone.
11:09 of 1st period - Slapshot by Anthony Richard.
11:09 of 1st period - Shot Misses the Net.
11:11 of 1st period - Backhand shot by Jeremy Lauzon.
11:11 of 1st period - Stopped by Joni Ortio without a rebound.
11:12 of 1st period - Rourke Chartier wins face-off versus William Carrier in Barracuda zone.
11:15 of 1st period - Wrist shot by Joachim Blichfeld.
11:15 of 1st period - Shot Misses the Net.
11:17 of 1st period - Slapshot by Joachim Blichfeld.
11:17 of 1st period - Goal by Joachim Blichfeld - Thunderbirds : 1 - Barracuda : 0.
11:18 of 1st period - Emil Pettersson wins face-off versus Rourke Chartier in neutral zone.
11:43 of 1st period - Kurtis Macdermid is hit by Anthony Richard and loses puck.
12:10 of 1st period - Snap shot by Cole Ully.
12:10 of 1st period - Stopped by Jake Oettinger with a rebound.
12:12 of 1st period - Slapshot by Samuel Groulx.
12:12 of 1st period - Stopped by Jake Oettinger without a rebound.
12:13 of 1st period - Emil Pettersson wins face-off versus Rourke Chartier in Thunderbirds zone.
12:20 of 1st period - Snap shot by William Carrier.
12:20 of 1st period - Stopped by Jake Oettinger with a rebound.
12:22 of 1st period - Wrist shot by Mario Lucia.
12:22 of 1st period - Shot Blocked by Rourke Chartier.
12:24 of 1st period - Slapshot by Robin Norell.
12:24 of 1st period - Deflect By Emil Pettersson.
12:24 of 1st period - Shot Blocked by Joachim Blichfeld.
12:24 of 1st period - Puck is out of play.
12:25 of 1st period - William Carrier wins face-off versus Rourke Chartier in Thunderbirds zone.
12:26 of 1st period - Snap shot by Emil Pettersson.
12:26 of 1st period - Stopped by Jake Oettinger without a rebound.
12:27 of 1st period - Emil Pettersson wins face-off versus Rourke Chartier in Thunderbirds zone.
12:35 of 1st period - Off-side.
12:36 of 1st period - Rourke Chartier wins face-off versus Emil Pettersson in neutral zone.
12:43 of 1st period - Wrist shot by Dominik Simon.
12:43 of 1st period - Stopped by Joni Ortio with a rebound.
12:45 of 1st period - Slapshot by Sami Niku.
12:45 of 1st period - Shot Misses the Net.
12:47 of 1st period - Slapshot by Joachim Blichfeld.
12:47 of 1st period - Stopped by Joni Ortio without a rebound.
12:48 of 1st period - Mario Lucia wins face-off versus Rourke Chartier in Barracuda zone.
12:59 of 1st period - Wrist shot by Rourke Chartier.
12:59 of 1st period - Stopped by Joni Ortio with a rebound.
13:03 of 1st period - Wrist shot by Dominik Simon.
13:03 of 1st period - Shot Blocked by Samuel Groulx.
13:19 of 1st period - Minor Penalty to Thomas Gobeil for Roughing.
13:20 of 1st period - Emil Pettersson wins face-off versus Rourke Chartier in Barracuda zone.
13:36 of 1st period - Snap shot by Dominik Simon.
13:36 of 1st period - Stopped by Joni Ortio with a rebound.
13:46 of 1st period - Pierre Engvall is hit by Theodor Blueger and loses puck.
13:57 of 1st period - Wrist shot by Theodor Blueger.
13:57 of 1st period - Goal by Theodor Blueger - Thunderbirds : 1 - Barracuda : 1.
13:58 of 1st period - Emil Pettersson wins face-off versus Rourke Chartier in neutral zone.
14:31 of 1st period - Backhand shot by Kurtis Macdermid.
14:31 of 1st period - Stopped by Jake Oettinger without a rebound.
14:32 of 1st period - Anthony Richard wins face-off versus Emil Pettersson in Thunderbirds zone.
15:19 of 1st period - Penalty to Thomas Gobeil is over, Thomas Gobeil is back on ice.
15:34 of 1st period - Snap shot by Alex Henriksson.
15:34 of 1st period - Stopped by Jake Oettinger with a rebound.
16:11 of 1st period - Slapshot by Samuel Groulx.
16:11 of 1st period - Shot Blocked by Anthony Richard.
16:13 of 1st period - Slapshot by Samuel Groulx.
16:13 of 1st period - Stopped by Jake Oettinger with a rebound.
16:35 of 1st period - Backhand shot by Rourke Chartier.
16:35 of 1st period - Stopped by Joni Ortio without a rebound.
16:36 of 1st period - Theodor Blueger wins face-off versus Zach Stepan in Barracuda zone.
16:36 of 1st period - Theodor Blueger is hit by Sami Niku.
16:59 of 1st period - Icing by Mac Hollowell.
17:00 of 1st period - Emil Pettersson wins face-off versus Rourke Chartier in Barracuda zone.
17:12 of 1st period - Snap shot by Joachim Blichfeld.
17:12 of 1st period - Stopped by Joni Ortio without a rebound.
17:13 of 1st period - Emil Pettersson wins face-off versus Dominik Simon in Barracuda zone.
17:13 of 1st period - Emil Pettersson is hit by Sami Niku.
17:19 of 1st period - Eric Gustafsson is hit by Joachim Blichfeld and loses puck.
17:24 of 1st period - Backhand shot by Rourke Chartier.
17:24 of 1st period - Stopped by Joni Ortio with a rebound.
17:26 of 1st period - Slapshot by Jeremy Lauzon.
17:26 of 1st period - Shot Misses the Net.
17:28 of 1st period - Wrist shot by Jeremy Lauzon.
17:28 of 1st period - Deflect By Dominik Simon.
17:28 of 1st period - Shot Blocked by Emil Pettersson.
17:28 of 1st period - Puck is out of play.
17:29 of 1st period - Anthony Richard wins face-off versus Theodor Blueger in Barracuda zone.
17:38 of 1st period - Slapshot by Eric Gustafsson.
17:38 of 1st period - Shot Misses the Net.
17:40 of 1st period - Slapshot by Samuel Groulx.
17:40 of 1st period - Shot Misses the Net.
18:28 of 1st period - Wrist shot by Joachim Blichfeld.
18:28 of 1st period - Goal by Joachim Blichfeld - Thunderbirds : 2 - Barracuda : 1.
18:29 of 1st period - Emil Pettersson wins face-off versus Rourke Chartier in neutral zone.
19:02 of 1st period - Snap shot by Jordan Kyrou.
19:02 of 1st period - Shot Misses the Net.
19:04 of 1st period - Snap shot by Anthony Richard.
19:04 of 1st period - Stopped by Joni Ortio with a rebound.
19:06 of 1st period - Backhand shot by Calen Addison.
19:06 of 1st period - Deflect By Eric Gustafsson.
19:06 of 1st period - Stopped by Joni Ortio with a rebound.
19:18 of 1st period - Henri Jokiharju is hit by Noah Gregor and loses puck.
19:25 of 1st period - Slapshot by Eric Gustafsson.
19:25 of 1st period - Stopped by Jake Oettinger without a rebound.
19:26 of 1st period - Emil Pettersson wins face-off versus Rourke Chartier in Thunderbirds zone.
19:39 of 1st period - Snap shot by Emil Pettersson.
19:39 of 1st period - Goal by Emil Pettersson - Thunderbirds : 2 - Barracuda : 2.
19:40 of 1st period - Emil Pettersson wins face-off versus Rourke Chartier in neutral zone.
19:53 of 1st period - Slapshot by Eric Gustafsson.
19:53 of 1st period - Stopped by Jake Oettinger without a rebound.
19:54 of 1st period - Rourke Chartier wins face-off versus Emil Pettersson in Thunderbirds zone.
Goals for this period are 2 for Thunderbirds vs 2 for Barracuda.
Shots for this period are 16 for Thunderbirds vs 16 for Barracuda.

2nd period


0:01 of 2nd period - Mario Lucia wins face-off versus Rourke Chartier in neutral zone.
1:08 of 2nd period - Minor Penalty to Artturi Lehkonen for Hooking.
1:09 of 2nd period - Emil Pettersson wins face-off versus Trent Frederic in Thunderbirds zone.
1:10 of 2nd period - Wrist shot by William Carrier.
1:10 of 2nd period - Shot Misses the Net.
1:12 of 2nd period - Snap shot by William Carrier.
1:12 of 2nd period - Goal by William Carrier - Thunderbirds : 2 - Barracuda : 3.
1:13 of 2nd period - Rourke Chartier wins face-off versus Emil Pettersson in neutral zone.
1:16 of 2nd period - Logan Stanley is hit by Rourke Chartier and loses puck.
1:48 of 2nd period - Snap shot by Theodor Blueger.
1:48 of 2nd period - Shot Blocked by Frederic Allard.
2:54 of 2nd period - Minor Penalty to Mario Lucia for Interference.
2:55 of 2nd period - Rourke Chartier wins face-off versus Emil Pettersson in Barracuda zone.
2:58 of 2nd period - Slapshot by Jordan Kyrou.
2:58 of 2nd period - Shot Misses the Net.
3:00 of 2nd period - Snap shot by Rourke Chartier.
3:00 of 2nd period - Stopped by Joni Ortio without a rebound.
3:01 of 2nd period - Rourke Chartier wins face-off versus Emil Pettersson in Barracuda zone.
3:06 of 2nd period - Snap shot by Dominik Simon.
3:06 of 2nd period - Shot Blocked by William Carrier.
3:08 of 2nd period - Slapshot by Jordan Kyrou.
3:08 of 2nd period - Deflect By William Carrier.
3:08 of 2nd period - Stopped by Joni Ortio with a rebound.
3:58 of 2nd period - Wrist shot by Kurtis Macdermid.
3:58 of 2nd period - Goal by Kurtis Macdermid - Thunderbirds : 2 - Barracuda : 4.
3:58 of 2nd period - Magnus Hellberg enters game.
3:59 of 2nd period - Emil Pettersson wins face-off versus Rourke Chartier in neutral zone.
4:30 of 2nd period - Slapshot by Jeremy Lauzon.
4:30 of 2nd period - Stopped by Joni Ortio with a rebound.
4:32 of 2nd period - Slapshot by Jeremy Lauzon.
4:32 of 2nd period - Shot Misses the Net.
4:34 of 2nd period - Snap shot by Joachim Blichfeld.
4:34 of 2nd period - Stopped by Joni Ortio without a rebound.
4:35 of 2nd period - Emil Pettersson wins face-off versus Rourke Chartier in Barracuda zone.
4:54 of 2nd period - Penalty to Mario Lucia is over, Mario Lucia is back on ice.
5:37 of 2nd period - Joachim Blichfeld is hit by Logan Stanley and loses puck.
6:07 of 2nd period - Wrist shot by Joachim Blichfeld.
6:07 of 2nd period - Shot Misses the Net.
6:09 of 2nd period - Snap shot by Joachim Blichfeld.
6:09 of 2nd period - Goal by Joachim Blichfeld - Thunderbirds : 3 - Barracuda : 4.
6:10 of 2nd period - Noah Gregor wins face-off versus Zach Stepan in neutral zone.
6:37 of 2nd period - Emil Bemstrom is hit by Eric Gustafsson and loses puck.
7:52 of 2nd period - Mac Hollowell is hit by Jordan Kyrou and loses puck.
9:55 of 2nd period - Emil Bemstrom is hit by Eric Gustafsson and loses puck.
10:24 of 2nd period - Slapshot by Anthony Richard.
10:24 of 2nd period - Stopped by Joni Ortio without a rebound.
10:25 of 2nd period - Rourke Chartier wins face-off versus Theodor Blueger in Barracuda zone.
10:30 of 2nd period - Snap shot by Joachim Blichfeld.
10:30 of 2nd period - Shot Misses the Net.
10:38 of 2nd period - Snap shot by Theodor Blueger.
10:38 of 2nd period - Stopped by Magnus Hellberg with a rebound.
10:57 of 2nd period - Pierre Engvall is hit by Noah Gregor and loses puck.
11:06 of 2nd period - Icing by Cole Ully.
11:07 of 2nd period - Rourke Chartier wins face-off versus Noah Gregor in Barracuda zone.
11:22 of 2nd period - Snap shot by Rourke Chartier.
11:22 of 2nd period - Shot Misses the Net.
12:18 of 2nd period - Slapshot by Eric Gustafsson.
12:18 of 2nd period - Shot Blocked by Emil Bemstrom.
12:20 of 2nd period - Slapshot by Eric Gustafsson.
12:20 of 2nd period - Stopped by Magnus Hellberg with a rebound.
12:22 of 2nd period - Slapshot by Samuel Groulx.
12:22 of 2nd period - Deflect By Jaedon Descheneau.
12:22 of 2nd period - Shot Blocked by Trent Frederic.
12:22 of 2nd period - Puck is out of play.
12:23 of 2nd period - Emil Pettersson wins face-off versus Rourke Chartier in Thunderbirds zone.
12:35 of 2nd period - Eric Gustafsson is hit by Henri Jokiharju.
13:34 of 2nd period - Mario Lucia is hit by Trent Frederic and loses puck.
13:55 of 2nd period - Rourke Chartier is hit by Thomas Gobeil and loses puck.
14:45 of 2nd period - Slapshot by Jeremy Lauzon.
14:45 of 2nd period - Stopped by Joni Ortio with a rebound.
14:51 of 2nd period - Slapshot by Jeremy Lauzon.
14:51 of 2nd period - Shot Blocked by Mario Lucia.
14:53 of 2nd period - Wrist shot by Emil Bemstrom.
14:53 of 2nd period - Stopped by Joni Ortio with a rebound.
15:03 of 2nd period - Mario Lucia is hit by Dominik Simon and loses puck.
15:10 of 2nd period - Wrist shot by Joachim Blichfeld.
15:10 of 2nd period - Stopped by Joni Ortio with a rebound.
15:16 of 2nd period - Jordan Gross is hit by Rourke Chartier and loses puck.
15:40 of 2nd period - Pierre Engvall is hit by William Carrier and loses puck.
16:03 of 2nd period - Emil Pettersson is hit by Jordan Kyrou and loses puck.
16:25 of 2nd period - Snap shot by Jordan Kyrou.
16:25 of 2nd period - Stopped by Joni Ortio with a rebound.
16:31 of 2nd period - Snap shot by Jordan Kyrou.
16:31 of 2nd period - Shot Misses the Net.
16:33 of 2nd period - Snap shot by Pierre Engvall.
16:33 of 2nd period - Shot Misses the Net.
16:39 of 2nd period - Slapshot by Anthony Richard.
16:39 of 2nd period - Stopped by Joni Ortio with a rebound.
16:55 of 2nd period - Snap shot by Anthony Richard.
16:55 of 2nd period - Shot Misses the Net.
16:57 of 2nd period - Slapshot by Calen Addison.
16:57 of 2nd period - Deflect By Jordan Kyrou.
16:57 of 2nd period - Shot Misses the Net.
16:57 of 2nd period - Puck is out of play.
16:58 of 2nd period - Rourke Chartier wins face-off versus Theodor Blueger in Barracuda zone.
18:09 of 2nd period - Kurtis Macdermid is hit by Dominik Simon and loses puck.
19:38 of 2nd period - Dominik Simon is hit by Thomas Gobeil and loses puck.
Goals for this period are 1 for Thunderbirds vs 2 for Barracuda.
Shots for this period are 11 for Thunderbirds vs 4 for Barracuda.

3rd period


0:01 of 3rd period - Rourke Chartier wins face-off versus Emil Pettersson in neutral zone.
0:39 of 3rd period - Snap shot by Theodor Blueger.
0:39 of 3rd period - Deflect By Kurtis Macdermid.
0:39 of 3rd period - Stopped by Magnus Hellberg with a rebound.
0:59 of 3rd period - Artturi Lehkonen is hit by Noah Gregor and loses puck.
2:02 of 3rd period - Wrist shot by Dominik Simon.
2:02 of 3rd period - Goal by Dominik Simon - Thunderbirds : 4 - Barracuda : 4.
2:03 of 3rd period - Emil Pettersson wins face-off versus Rourke Chartier in neutral zone.
2:06 of 3rd period - Slapshot by Eric Gustafsson.
2:06 of 3rd period - Shot Misses the Net.
2:46 of 3rd period - Snap shot by Rourke Chartier.
2:46 of 3rd period - Shot Misses the Net.
2:53 of 3rd period - Eric Gustafsson is hit by Dylan Blujus.
3:05 of 3rd period - Icing by Joachim Blichfeld.
3:06 of 3rd period - Rourke Chartier wins face-off versus Kurtis Macdermid in Thunderbirds zone.
3:11 of 3rd period - Theodor Blueger is hit by Dylan Blujus and loses puck.
3:25 of 3rd period - Minor Penalty to Theodor Blueger for Holding.
3:26 of 3rd period - Emil Pettersson wins face-off versus Anthony Richard in Barracuda zone.
3:38 of 3rd period - Slapshot by Jeremy Lauzon.
3:38 of 3rd period - Shot Blocked by Emil Pettersson.
3:40 of 3rd period - Snap shot by Anthony Richard.
3:40 of 3rd period - Shot Misses the Net.
4:00 of 3rd period - Slapshot by Kyle Platzer.
4:00 of 3rd period - Deflect By Kurtis Macdermid.
4:00 of 3rd period - Stopped by Magnus Hellberg without a rebound.
4:01 of 3rd period - Kyle Platzer wins face-off versus Anthony Richard in Thunderbirds zone.
4:07 of 3rd period - Off-side.
4:08 of 3rd period - Anthony Richard wins face-off versus Emil Pettersson in neutral zone.
4:37 of 3rd period - Henri Jokiharju is hit by Kurtis Macdermid and loses puck.
5:06 of 3rd period - Samuel Groulx is hit by Dominik Simon.
5:25 of 3rd period - Penalty to Theodor Blueger is over, Theodor Blueger is back on ice.
6:21 of 3rd period - Calen Addison is hit by Cole Ully and loses puck.
6:26 of 3rd period - Wrist shot by Noah Gregor.
6:26 of 3rd period - Goal by Noah Gregor - Thunderbirds : 4 - Barracuda : 5.
6:27 of 3rd period - Emil Pettersson wins face-off versus Rourke Chartier in neutral zone.
6:40 of 3rd period - Snap shot by Emil Pettersson.
6:40 of 3rd period - Shot Misses the Net.
7:39 of 3rd period - Slapshot by William Carrier.
7:39 of 3rd period - Shot Blocked by Zach Stepan.
7:41 of 3rd period - Slapshot by Eric Gustafsson.
7:41 of 3rd period - Stopped by Magnus Hellberg with a rebound.
7:43 of 3rd period - Snap shot by William Carrier.
7:43 of 3rd period - Shot Misses the Net.
7:45 of 3rd period - Wrist shot by Mario Lucia.
7:45 of 3rd period - Shot Blocked by Frederic Allard.
7:47 of 3rd period - Slapshot by Samuel Groulx.
7:47 of 3rd period - Shot Blocked by Frederic Allard.
7:49 of 3rd period - Snap shot by Mario Lucia.
7:49 of 3rd period - Stopped by Magnus Hellberg with a rebound.
7:51 of 3rd period - Snap shot by Mario Lucia.
7:51 of 3rd period - Stopped by Magnus Hellberg without a rebound.
7:52 of 3rd period - Rourke Chartier wins face-off versus Noah Gregor in Thunderbirds zone.
9:25 of 3rd period - Off-side.
9:26 of 3rd period - William Carrier wins face-off versus Rourke Chartier in neutral zone.
9:32 of 3rd period - Minor Penalty to Calen Addison for Interference.
9:33 of 3rd period - Trent Frederic wins face-off versus Emil Pettersson in Thunderbirds zone.
10:08 of 3rd period - Slapshot by Eric Gustafsson.
10:08 of 3rd period - Deflect By Thomas Gobeil.
10:08 of 3rd period - Stopped by Magnus Hellberg with a rebound.
11:32 of 3rd period - Penalty to Calen Addison is over, Calen Addison is back on ice.
11:43 of 3rd period - Snap shot by Kyle Platzer.
11:43 of 3rd period - Stopped by Magnus Hellberg without a rebound.
11:44 of 3rd period - Joachim Blichfeld wins face-off versus Kyle Platzer in Thunderbirds zone.
11:49 of 3rd period - Rourke Chartier is hit by Alex Henriksson and loses puck.
12:20 of 3rd period - Slapshot by Rourke Chartier.
12:20 of 3rd period - Shot Misses the Net.
13:36 of 3rd period - Snap shot by Artturi Lehkonen.
13:36 of 3rd period - Shot Misses the Net.
13:38 of 3rd period - Slapshot by Artturi Lehkonen.
13:38 of 3rd period - Shot Misses the Net.
13:40 of 3rd period - Wrist shot by Zach Stepan.
13:40 of 3rd period - Shot Misses the Net.
14:10 of 3rd period - Icing by Robin Norell.
14:11 of 3rd period - Emil Pettersson wins face-off versus Anthony Richard in Barracuda zone.
14:11 of 3rd period - Emil Pettersson is hit by Henri Jokiharju.
14:16 of 3rd period - Robin Norell is hit by Pierre Engvall and loses puck.
14:23 of 3rd period - Snap shot by Anthony Richard.
14:23 of 3rd period - Stopped by Joni Ortio with a rebound.
14:25 of 3rd period - Wrist shot by Jordan Kyrou.
14:25 of 3rd period - Shot Misses the Net.
14:27 of 3rd period - Slapshot by Pierre Engvall.
14:27 of 3rd period - Shot Misses the Net.
14:37 of 3rd period - Emil Pettersson is hit by Dylan Blujus.
14:53 of 3rd period - William Carrier is hit by Emil Bemstrom and loses puck.
15:17 of 3rd period - Slapshot by Emil Pettersson.
15:17 of 3rd period - Shot Misses the Net.
15:19 of 3rd period - Slapshot by Emil Pettersson.
15:19 of 3rd period - Shot Misses the Net.
15:21 of 3rd period - Slapshot by Samuel Groulx.
15:21 of 3rd period - Stopped by Magnus Hellberg without a rebound.
15:22 of 3rd period - Anthony Richard wins face-off versus Cole Ully in Thunderbirds zone.
15:31 of 3rd period - Slapshot by Jeremy Lauzon.
15:31 of 3rd period - Stopped by Joni Ortio with a rebound.
16:03 of 3rd period - Icing by Kurtis Macdermid.
16:04 of 3rd period - Theodor Blueger wins face-off versus Dylan Sikura in Barracuda zone.
16:22 of 3rd period - Minor Penalty to Henri Jokiharju for Roughing.
16:23 of 3rd period - Emil Pettersson wins face-off versus Trent Frederic in Thunderbirds zone.
16:33 of 3rd period - Wrist shot by William Carrier.
16:33 of 3rd period - Shot Misses the Net.
16:35 of 3rd period - Slapshot by Eric Gustafsson.
16:35 of 3rd period - Goal by Eric Gustafsson - Thunderbirds : 4 - Barracuda : 6.
16:36 of 3rd period - Zach Stepan wins face-off versus Emil Pettersson in neutral zone.
16:39 of 3rd period - Slapshot by Jeremy Lauzon.
16:39 of 3rd period - Shot Misses the Net.
17:28 of 3rd period - Snap shot by Anthony Richard.
17:28 of 3rd period - Shot Misses the Net.
17:48 of 3rd period - Snap shot by Paul Cotter.
17:48 of 3rd period - Shot Blocked by Robin Norell.
17:50 of 3rd period - Snap shot by Emil Bemstrom.
17:50 of 3rd period - Stopped by Joni Ortio with a rebound.
17:52 of 3rd period - Snap shot by Paul Cotter.
17:52 of 3rd period - Shot Blocked by Logan Stanley.
17:54 of 3rd period - Snap shot by Paul Cotter.
17:54 of 3rd period - Shot Misses the Net.
18:24 of 3rd period - Samuel Groulx is hit by Joachim Blichfeld and loses puck.
18:33 of 3rd period - Snap shot by Dominik Simon.
18:33 of 3rd period - Shot Blocked by Samuel Groulx.
18:35 of 3rd period - Snap shot by Rourke Chartier.
18:35 of 3rd period - Shot Misses the Net.
18:50 of 3rd period - Mac Hollowell is hit by Pierre Engvall and loses puck.
19:27 of 3rd period - Snap shot by Dominik Simon.
19:27 of 3rd period - Stopped by Joni Ortio without a rebound.
19:28 of 3rd period - Emil Pettersson wins face-off versus Dylan Sikura in Barracuda zone.
19:39 of 3rd period - Snap shot by Zach Stepan.
19:39 of 3rd period - Stopped by Joni Ortio without a rebound.
19:40 of 3rd period - Emil Pettersson wins face-off versus Zach Stepan in Barracuda zone.
Goals for this period are 1 for Thunderbirds vs 2 for Barracuda.
Shots for this period are 6 for Thunderbirds vs 10 for Barracuda. Output by the SimonT Hockey Simulator (STHS) for Francois Prevost - Original Page W3C HTML5 Valid
Hockey Simulator - Hockey Simulation - Hockey Manager